| 8 | 0:00 | SCV | |
| 9 | 0:12 | SCV | |
| 10 | 0:24 | SCV | |
| 11 | 0:36 | SCV | |
| 11 | 0:40 | Supply Depot | |
| 12 | 0:49 | SCV | |
| 13 | 0:53 | Refinery | |
| 13 | 1:02 | SCV | |
| 14 | 1:06 | Barracks | |
| 14 | 1:14 | SCV | |
| 15 | 1:26 | SCV | |
| 16 | 1:38 | SCV | |
| 17 | 1:53 | Orbital Command | |
| 17 | 1:55 | Reaper | |
| 18 | 2:09 | Command Center | |
| 18 | 2:18 | SCV | |
| 19 | 2:25 | Factory | |
| 19 | 2:30 | SCV | |
| 19 | 2:32 | Barracks Reactor | |
| 20 | 2:40 | Refinery | |
| 20 | 2:47 | Supply Depot | |
| 20 | 2:48 | SCV | |
| 21 | 3:09 | SCV | |
| 22 | 3:16 | Starport | |
| 22 | 3:21 | SCV | |
| 22 | 3:22 | Hellion x2 | |
| 27 | 3:30 | Orbital Command | |
| 27 | 3:34 | SCV | |
| 28 | 3:46 | Hellion x2, SCV | |
| 33 | 3:54 | Viking | |
| 35 | 3:58 | Barracks Tech Lab, SCV | |
| 35 | 4:00 | SCV | |
| 37 | 4:10 | SCV | |
| 37 | 4:13 | Supply Depot | |
| 37 | 4:16 | SCV | |
| 39 | 4:19 | Hellion | |
| 41 | 4:28 | Supply Depot | |
| 41 | 4:33 | SCV | |
| 41 | 4:35 | SCV, Hellion | |
| 45 | 4:42 | Banshee, Cloaking Field | |
| 45 | 4:45 | SCV | |
| 49 | 4:55 | Command Center, SCV | |
| 50 | 5:01 | Hellion | |
| 50 | 5:02 | Hellion, SCV | |
| 50 | 5:06 | Supply Depot | |
| 55 | 5:10 | SCV | |
| 56 | 5:17 | SCV, Factory | |
| 56 | 5:19 | Refinery | |
| 57 | 5:24 | Supply Depot | |
| 57 | 5:27 | Banshee | |
| 60 | 5:29 | SCV | |
| 61 | 5:39 | SCV | |
| 60 | 5:43 | Hellion x2 | |
| 60 | 5:46 | SCV | |
| 60 | 5:49 | Factory | |
| 65 | 5:51 | SCV, Refinery | |
| 66 | 5:58 | SCV | |
| 66 | 6:03 | SCV | |
| 66 | 6:04 | Factory Tech Lab | |
| 68 | 6:10 | SCV | |
| 69 | 6:15 | SCV | |
| 70 | 6:22 | SCV | |
| 65 | 6:27 | SCV | |
| 66 | 6:34 | SCV | |
| 66 | 6:36 | Hellion x2 | |
| 66 | 6:39 | SCV | |
| 72 | 6:40 | Factory | |
| 72 | 6:46 | Orbital Command, SCV | |
| 73 | 6:51 | SCV | |
| 73 | 6:53 | Cyclone x2 | |
| 80 | 6:59 | SCV | |
| 77 | 7:01 | Hellion x2 | |
| 76 | 7:09 | Infernal Pre-Igniter | |
| 76 | 7:10 | Orbital Command, Mag-Field Accelerator | |
| 76 | 7:12 | SCV | |
| 76 | 7:14 | SCV | |
| 78 | 7:24 | Factory Tech Lab, Hellion | |
| 78 | 7:25 | Cyclone | |
| 83 | 7:33 | Cyclone | |
| 83 | 7:34 | SCV | |
| 84 | 7:39 | SCV | |
| 84 | 7:41 | Factory | |
| 85 | 7:45 | Engineering Bay | |
| 85 | 7:48 | Supply Depot | |
| 85 | 7:50 | Widow Mine | |
| 87 | 7:54 | Supply Depot | |
| 87 | 7:56 | SCV x3, Cyclone, Hellion | |
| 87 | 7:57 | Refinery | |
| 95 | 8:04 | Cyclone | |
| 95 | 8:09 | Cyclone | |
| 95 | 8:12 | Supply Depot, Missile Turret | |
| 98 | 8:13 | Missile Turret | |
| 98 | 8:15 | Missile Turret | |
| 98 | 8:16 | SCV x3 | |
| 98 | 8:17 | Missile Turret | |
| 98 | 8:19 | Missile Turret | |
| 101 | 8:21 | Missile Turret | |
| 91 | 8:28 | Cyclone | |
| 91 | 8:30 | Factory Tech Lab | |
| 92 | 8:37 | SCV | |
| 92 | 8:38 | SCV, Refinery | |
| 94 | 8:45 | Hellion x2, Cyclone | |
| 94 | 8:46 | Cyclone | |
| 94 | 8:47 | SCV | |
| 103 | 8:50 | SCV | |
| 103 | 8:52 | Armory | |
| 103 | 8:55 | Missile Turret | |
| 103 | 8:59 | Hellion | |
| 103 | 9:00 | Cyclone | |
| 103 | 9:01 | SCV x2 | |
| 110 | 9:04 | Supply Depot | |
| 110 | 9:07 | Armory | |
| 110 | 9:11 | Hellion x2 | |
| 110 | 9:14 | SCV | |
| 115 | 9:19 | Supply Depot, Hellion | |
| 115 | 9:21 | SCV | |
| 118 | 9:25 | Missile Turret | |
| 118 | 9:28 | Cyclone | |
| 118 | 9:29 | Hellion | |
| 118 | 9:30 | SCV | |
| 124 | 9:34 | Supply Depot, SCV | |
| 124 | 9:36 | Supply Depot | |
| 115 | 10:02 | Cyclone, Siege Tank, Hellion | |
| 116 | 10:08 | Cyclone, Siege Tank | |
| 116 | 10:09 | Hellion | |
| 116 | 10:10 | Terran Vehicle Weapons Level 1, Terran Vehicle And Ship Armor Level 1 | |
| 116 | 10:12 | SCV x3 | |
| 127 | 10:19 | Drilling Claws | |
| 127 | 10:20 | Smart Servos | |
| 127 | 10:22 | Factory | |
| 127 | 10:23 | Hellion | |
| 127 | 10:26 | SCV | |
| 127 | 10:28 | SCV | |
| 131 | 10:32 | Command Center | |
| 131 | 10:33 | Sensor Tower | |
| 131 | 10:37 | Cyclone | |
| 131 | 10:38 | Siege Tank, Hellion | |
| 131 | 10:42 | SCV x2 | |
| 141 | 10:45 | Cyclone, Siege Tank | |
| 141 | 10:47 | SCV | |
| 141 | 10:48 | Command Center, Supply Depot | |
| 148 | 10:51 | Supply Depot | |
| 148 | 10:57 | Hellion | |
| 148 | 10:59 | Supply Depot | |
| 150 | 11:10 | Cyclone, Siege Tank, Hellion | |
| 158 | 11:22 | Cyclone, Siege Tank, Hellion | |
| 162 | 11:32 | Hellion | |
| 155 | 11:34 | SCV | |
| 155 | 11:35 | SCV | |
| 155 | 11:38 | Starport Reactor | |
| 157 | 11:40 | Factory Tech Lab | |
| 157 | 11:42 | Siege Tank, Cyclone | |
| 157 | 11:43 | Missile Turret | |
| 161 | 11:52 | Hellion | |
| 163 | 11:56 | Thor | |
| 163 | 11:57 | Thor | |
| 163 | 12:00 | Supply Depot | |
| 175 | 12:03 | Orbital Command | |
| 175 | 12:05 | Thor | |
| 175 | 12:06 | Hellion | |
| 175 | 12:07 | Command Center | |
| 175 | 12:08 | Factory | |
| 183 | 12:21 | SCV x2 | |
| 183 | 12:22 | Planetary Fortress | |
| 185 | 12:24 | Thor | |
| 191 | 12:35 | Refinery x2 | |
| 191 | 12:38 | Missile Turret | |
| 191 | 12:39 | Supply Depot | |
| 191 | 12:48 | Cyclone, Siege Tank, Hellion | |
| 191 | 12:49 | Hellion | |
| 185 | 12:55 | Hellion | |
| 185 | 12:56 | Factory Reactor | |
| 185 | 13:07 | Orbital Command, Sensor Tower | |
| 185 | 13:08 | Cyclone, Siege Tank | |
| 185 | 13:10 | Hellion | |
| 185 | 13:12 | Hellion | |
| 195 | 13:13 | SCV | |
| 195 | 13:16 | SCV | |
| 200 | 13:20 | Siege Tank | |
| 200 | 13:27 | Missile Turret | |
| 168 | 14:19 | Cyclone, Thor x2, Siege Tank | |
| 168 | 14:20 | Hellion x3, Hellbat, Siege Tank | |
| 168 | 14:21 | Liberator | |
| 168 | 14:24 | Terran Vehicle Weapons Level 2, Terran Vehicle And Ship Armor Level 2 | |
| 198 | 14:41 | Hellion | |
| 198 | 14:45 | Refinery | |
| 200 | 14:55 | Refinery | |
| 169 | 15:00 | Cyclone, Siege Tank, Hellion | |
| 169 | 15:03 | Cyclone, Siege Tank, Hellion x2 | |
| 163 | 15:08 | Liberator x2 | |
| 163 | 15:09 | SCV | |
| 163 | 15:10 | SCV | |
| 163 | 15:12 | Armory | |
| 168 | 15:18 | Cyclone | |
| 168 | 15:19 | Hellion | |
| 173 | 15:28 | Supply Depot | |
| 173 | 15:29 | Missile Turret | |
| 173 | 15:30 | Missile Turret | |
| 173 | 15:32 | Siege Tank, Cyclone | |
| 173 | 15:33 | Hellion | |
| 173 | 15:35 | Sensor Tower, Siege Tank | |
| 184 | 15:42 | Cyclone, Hellion | |
| 189 | 15:51 | Siege Tank, Starport | |
| 192 | 16:06 | Cyclone, Siege Tank | |
| 192 | 16:07 | Hellion | |
| 192 | 16:09 | Terran Ship Weapons Level 1 | |
| 197 | 16:23 | Liberator | |
| 197 | 16:25 | Command Center, Missile Turret | |
| 198 | 16:33 | Refinery | |
| 198 | 16:34 | Refinery | |
| 186 | 16:40 | Cyclone | |
| 186 | 16:41 | Thor, Siege Tank, Hellion | |
| 186 | 16:42 | Starport Reactor | |
| 200 | 16:49 | Planetary Fortress | |
| 200 | 16:53 | Orbital Command | |
| 195 | 16:56 | SCV | |
| 196 | 17:15 | SCV x2 | |
| 198 | 17:30 | Missile Turret | |
| 198 | 17:32 | Missile Turret | |
| 178 | 17:45 | Cyclone, Siege Tank | |
| 178 | 17:46 | Hellion | |
| 178 | 17:50 | Supply Depot, Cyclone, Siege Tank | |
| 178 | 17:51 | Hellion | |
| 185 | 17:54 | Cyclone, Hellion | |
| 185 | 17:55 | SCV x2 | |
| 192 | 17:59 | Hellion | |
| 192 | 18:03 | Fusion Core | |
| 194 | 18:16 | Planetary Fortress | |
| 194 | 18:17 | Siege Tank | |
| 194 | 18:18 | Cyclone | |
| 200 | 18:23 | Command Center, Refinery | |
| 200 | 18:27 | Missile Turret | |
| 174 | 18:42 | Cyclone, Siege Tank | |
| 174 | 18:43 | Hellion | |
| 157 | 18:54 | Cyclone, Siege Tank, Hellion | |
| 157 | 18:55 | Hellion | |
| 139 | 19:00 | Cyclone, Hellion | |
| 139 | 19:01 | Liberator x2 | |
| 131 | 19:04 | Hellion | |
| 133 | 19:10 | Liberator x2 | |
| 133 | 19:14 | Thor, Siege Tank | |
| 133 | 19:16 | Hellion, SCV | |
| 133 | 19:17 | SCV, Terran Vehicle Weapons Level 3 | |
| 151 | 19:26 | Thor | |
| 157 | 19:32 | Cyclone, Siege Tank, Hellion | |
| 165 | 19:39 | Missile Turret | |
| 165 | 19:44 | Liberator, Command Center | |
| 168 | 19:47 | Cyclone | |
| 168 | 19:48 | Hellion | |
| 168 | 19:50 | SCV | |
| 168 | 19:51 | SCV | |
| 175 | 19:57 | Siege Tank | |
| 171 | 20:04 | Cyclone | |
| 154 | 20:07 | Cyclone | |
| 154 | 20:08 | Hellion | |
| 154 | 20:09 | Siege Tank | |
| 154 | 20:12 | Hellion | |
| 157 | 20:19 | Cyclone | |
| 157 | 20:20 | Hellion | |
| 164 | 20:21 | Hellion | |
| 164 | 20:23 | SCV x2 | |
| 165 | 20:29 | Siege Tank | |
| 165 | 20:31 | Hellion | |
| 165 | 20:32 | SCV | |
| 164 | 20:35 | SCV | |
| 164 | 20:36 | Cyclone | |
| 164 | 20:39 | Siege Tank | |
| 171 | 20:48 | Cyclone, Hellion | |
| 171 | 20:49 | Hellion | |
| 172 | 20:51 | Siege Tank | |
| 172 | 20:56 | Liberator | |
| 173 | 21:19 | Liberator | |
| 173 | 21:23 | Orbital Command, Cyclone, Siege Tank | |
| 173 | 21:24 | Hellion | |
| 184 | 21:32 | Liberator | |
| 160 | 21:50 | Liberator | |
| 141 | 22:02 | Refinery | |
| 141 | 22:03 | Refinery | |
| 141 | 22:10 | Refinery | |
| 141 | 22:13 | Command Center | |
| 141 | 22:14 | Refinery | |